Map: Void Thrashing

Players

monk

  • Race: Zerg Zerg

sTkmonk

  • Race: Terran Terran
  • Spawn Location: 6:00

VOD

Have the link to the VOD?

Description

Time

  • Played on: July 23, 2017, 7:31 a.m.
  • Length: 16:47
Show
View Real Time Build Order
Export as new Build Order

monk Zerg 

Build Orders:  

Get SALT Encoding   

  12  0:03  Infested SCV  
  13  0:13  Infested SCV  
  14  0:23  Infested SCV  
  15  1:06  Infested Command Center  
  15  1:14  Overlord  
  15  1:39  Infested SCV  
  16  1:40  Infested SCV x3  
  16  1:45  Infested Refinery  
  19  1:50  Infested SCV  
  19  1:59  Infested SCV  
  21  2:11  Infested SCV, Infested Refinery  
  22  2:26  Infested Barracks  
  22  2:32  Infested SCV  
  23  2:46  Infested SCV x3  
  26  2:51  Infested Colonist Compound  
  26  2:54  Infested SCV  
  27  3:01  Anaerobic Enhancement  
  27  3:08  Infested SCV  
  28  3:15  Infested SCV  
  28  3:18  Infested SCV  
  30  3:27  Infested SCV  
  31  4:02  Infestation Level 1  
  31  4:03  Infested Command Center  
  31  4:15  Infested SCV x4  
  35  4:21  Infested SCV  
  35  4:28  Infested SCV  
  35  4:29  Infested SCV  
  38  4:35  Overlord  
  38  4:46  Infested Engineering Bay  
  38  4:52  Infested Factory  
  38  5:02  Infested SCV x3  
  38  5:03  Infested SCV  
  42  5:10  Infested SCV x2  
  44  5:26  Stukov Infantry Weapons Level 1  
  44  5:29  Infested Engineering Bay  
  44  5:31  Overlord  
  44  5:46  Infested Barracks Tech Lab  
  44  5:48  Infested SCV x2  
  46  6:02  Broodling Gestation  
  46  6:14  Plagued Munitions  
  46  6:17  Infested Armory  
  46  6:19  Regenerative Plating  
  46  6:25  Infested Bunker  
  50  6:37  Infested Bunker  
  54  6:42  Overlord x2  
  54  6:54  Overlord x2  
  58  7:31  Infested Bunker  
  58  7:32  Infestation Level 2  
  58  7:48  Infested Bunker  
  62  8:06  Infested Bunker, Stukov Infantry Weapons Level 2  
  70  8:20  Infested Bunker  
  70  8:32  Aggressive Incubation  
  70  8:39  Infested Bunker  
  74  8:56  Calcified Armor  
  74  9:01  Overlord x2  
  74  9:27  Retinal Augmentation  
  74  9:31  Infested Bunker  
  74  9:32  Infested Bunker  
  90  10:15  Infested Bunker x2  
  90  10:17  Infestation Level 3  
  90  10:51  Infested Bunker  
  90  10:52  Infested Starport  
  90  10:59  Infested Bunker x2  
  90  11:01  Infested Bunker x2  
  90  11:03  Infested Bunker  
  90  11:04  Infested Bunker  
  90  11:14  Infested Bunker  
  90  11:15  Overlord  
  90  11:16  Overlord x2  
  94  11:33  Infested Bunker  
  94  11:40  Overlord x2  
  94  11:42  Infested Barracks, Infested SCV  
  94  11:48  Overseer  
  95  11:50  Pneumatized Carapace  
  95  11:59  Infested Bunker  
  103  12:01  Infested Barracks, Infested Bunker  
  107  12:30  Infested Bunker  
  107  12:32  Stukov Infantry Weapons Level 3  
  107  12:39  Infested Barracks  
  107  13:31  Overlord x2  
  107  13:32  Infested Marine  
  107  13:38  Infested Marine  
  109  13:41  Infested Marine  
  109  13:42  Infested Marine x14  
  109  13:47  Infested Marine  
  109  13:48  Infested Marine x6  
  124  13:55  Infested Marine  
  124  13:56  Infested Marine x11  
  128  14:00  Infested Marine  
  128  14:01  Infested Marine  
  120  14:12  Infested Marine x3  
  120  14:13  Infested Marine x2  
  120  14:14  Infested Colonist Compound  
  120  14:18  Infested Marine x2  
  125  14:21  Infested Marine  
  118  14:31  Infested Marine x2  
  117  14:47  Infested Marine  
Show
View Real Time Build Order
Export as new Build Order

sTkmonk Terran 

Build Orders:  

Get SALT Encoding   

Tags
 
Commander
RaynorStukov
Matchup
Co-op
Replay Pack
Co-op Speedrun
Add a new tag
Caveats
  • Supply blocks, unpowered buildings, or Contaminate may cause inaccurate times.
  • Supply counts are checked every 10 seconds.